 Dungeon Crawl Stone Soup version 0.26-a0-667-g92642533e4 (webtiles) character file.

Game seed: 10385322601292961454

1788 Lavandula the Cutter (level 8, -15/52 HPs)
             Began as a Demonspawn Air Elementalist on Oct 16, 2020.
             Was an Initiate of Sif Muna.
             Demolished by Harold
             ... wielding a +0 long sword
              (20 damage)
             ... on level 7 of the Dungeon.
             The game lasted 00:16:33 (5848 turns).

Lavandula the Cutter (Demonspawn Air Elementalist)  Turns: 5848, Time: 00:16:33

Health: -15/52     AC:  3    Str:  9    XL:     8   Next: 82%
Magic:  5/14       EV: 14    Int: 19    God:    Sif Muna [......]
Gold:   403        SH:  0    Dex: 13    Spells: 5/15 levels left

rFire    . . .     SeeInvis .   g - +2 dagger (venom)
rCold    + . .     Faith    +   (no shield)
rNeg     . . .     Spirit   .   a - +0 robe
rPois    +         Reflect  .   b - +0 hat
rElec    .         Harm     .   u - +0 cloak
rCorr    .         Rampage  .   (no gloves)
MR       .....                  (no boots)
Stlth    ++........             H - amulet of faith
HPRegen  1.17/turn              h - ring of poison resistance
MPRegen  0.14/turn              (no ring)

@: brilliant, stab
A: talons 1, repulsion field 1, cold resistance 1, powered by death 1
a: Renounce Religion


You were on level 7 of the Dungeon.
You worshipped Sif Muna.
Sif Muna was noncommittal.
You visited 2 branches of the dungeon, and saw 8 of its levels.

You collected 403 gold pieces.

Inventory:

Hand Weapons
 g - a +2 dagger of venom (weapon)
 l - a +2 short sword of speed
Missiles
 i - 13 boomerangs
 v - 4 javelins
 A - 42 poisoned darts (quivered)
Armour
 a - a +0 robe (worn)
 b - a +0 hat (worn)
 u - a +0 cloak (worn)
Jewellery
 h - a ring of poison resistance (left hand)
 H - an amulet of faith (around neck)
Wands
 C - a wand of iceblast (8)
 G - a wand of random effects (16)
Scrolls
 d - 6 scrolls of identify {unknown}
 e - 3 scrolls of amnesia
 f - 2 scrolls of noise {unknown}
 k - 3 scrolls of enchant armour {unknown}
 o - 2 scrolls of enchant weapon
 q - a scroll of blinking {unknown}
 r - 4 scrolls of remove curse
 D - a scroll of fog {unknown}
 F - 3 scrolls of random uselessness {unknown}
 J - a scroll of magic mapping {unknown}
Potions
 c - 2 potions of stabbing
 j - 4 potions of might
 s - a potion of degeneration {unknown}
 t - 2 potions of lignification
 z - a potion of cancellation {unknown}
 E - a potion of haste {unknown}
 I - a potion of magic {unknown}


   Skills:
 - Level 7.0 Short Blades
 - Level 1.7 Dodging
 - Level 1.7 Stealth
 + Level 4.4 Spellcasting
 - Level 1.0 Conjurations
 - Level 7.0 Air Magic


You had 5 spell levels left.
You knew the following spells:

 Your Spells              Type           Power        Failure   Level
a - Shock                 Conj/Air       ####         2%          1
b - Swiftness             Air            #####...     1%          2
c - Static Discharge      Conj/Air       ####....     8%          3
d - Airstrike             Air            #####.....   7%          4

Your spell library contained the following spells:

 Spells                   Type           Power        Failure   Level
 Lightning Bolt           Conj/Air       ####......   56%         5


Dungeon Overview and Level Annotations

Branches:
Dungeon (7/15)             Temple (1/1) D:7

Altars:
Ashenzari
Cheibriados
Dithmenos
Elyvilon
Fedhas
Gozag
Kikubaaqudgha
Makhleb
Nemelex Xobeh
Qazlal
Ru
Sif Muna
Trog
Uskayaw
Vehumet
Wu Jian
Xom
Yredelemnul
Zin
The Shining One

Annotations:
D:6 funnypoop's ghost, amateur HOFi
D:7 Harold


Innate Abilities, Weirdness & Mutations

You have sharp toenails.
You are surrounded by a mild repulsion field. (EV +2)
Your flesh is cold resistant. (rC+)
You regenerate a little health from kills.


Message History

The ice beast hits you but does no damage.
Unknown command.
You closely miss the hornet.
The hornet is severely wounded.
The hornet stings you but does no damage.
Unknown command.
You hit Harold.
Harold is lightly wounded.
You kill the hornet!
Sif Muna accepts your kill.
Your Spellcasting skill increases to level 4!
The ice beast hits you but does no damage.
Unknown command.
Okay, then.
You hit Harold but do no damage.
Harold is poisoned.
Harold is lightly wounded.
You feel less wooden.
Your +0 cloak unmelds from your body.
Your +0 hat unmelds from your body.
Your +0 robe unmelds from your body.
Harold hits you with a +0 long sword!!
You die...

..... #.....#...#
#.....#######.....#...#
.....##..)##....######
##....##...##....# #
#.....##...##....# #
....##...(#....# #
###'##..........#
##...Y#.P........##
#>....@)._...(....+
#....@....P.#....##
##...##.....#....##.. #
##...##..####........ #
#.........>.....<.... #
#(...............##..##
##...##....##....######
##...##..^.##....##..##
#..........'...........


You could see Harold (very poisoned) and an ice beast.

Vanquished Creatures
  Joseph (D:7)
  A hornet (D:7)
  Duvessa (D:7)
  2 ice beasts (D:7)
  2 bullfrogs
  A scorpion (D:6)
  Dowan (D:7)
  A howler monkey (D:4)
  3 hounds
  A bullfrog zombie (D:6)
  An orc priest (D:4)
  2 bullfrog skeletons
  A gnoll shaman (D:4)
  A centaur skeleton (D:6)
  3 iguanas (D:5)
  4 worker ants
  A killer bee zombie (D:7)
  3 hound skeletons
  A worker ant zombie (D:5)
  5 gnolls (D:4)
  7 adders
  2 white imps
  An ufetubus (D:7)
  2 adder zombies
  2 adder skeletons (D:6)
  3 worms
  A dart slug (D:1)
  3 leopard geckos
  6 orcs
  A giant cockroach (D:3)
  7 goblins
  6 hobgoblins
  2 jackals (D:3)
  3 kobolds
  5 quokkas
  A ball python (D:4)
  7 bats
  3 frilled lizards (D:1)
  A leopard gecko zombie (D:6)
  A quokka skeleton (D:4)
  A quokka zombie (D:7)
  4 rats
105 creatures vanquished.

Vanquished Creatures (others)
  2 withered plants (D:7)
2 creatures vanquished.

Grand Total: 107 creatures vanquished

Notes
Turn   | Place    | Note
-------+----------+-------------------------------------------
     0 | D:1      | Lavandula the Demonspawn Air Elementalist began the quest
                  | for the Orb.
     0 | D:1      | Reached XP level 1. HP: 13/13 MP: 3/3
   190 | D:1      | Gained mutation: You regenerate a little health from kills.
                  | [demonic ancestry]
   190 | D:1      | Reached XP level 2. HP: 11/19 MP: 1/5
   758 | D:2      | Learned a level 2 spell: Swiftness
   840 | D:2      | Reached skill level 1 in Short Blades
   840 | D:2      | Gained mutation: You have sharp toenails. [demonic
                  | ancestry]
   840 | D:2      | Reached XP level 3. HP: 17/24 MP: 1/7
  1084 | D:2      | Gained mutation: Your flesh is cold resistant. (rC+)
                  | [demonic ancestry]
  1084 | D:2      | Reached XP level 4. HP: 30/30 MP: 3/8
  2219 | D:4      | Reached XP level 5. HP: 28/35 MP: 3/9
  2459 | D:4      | Reached XP level 6. HP: 9/41 MP: 3/10
  2464 | D:4      | Learned a level 3 spell: Static Discharge
  3394 | D:5      | Entered Level 5 of the Dungeon
  3707 | D:5      | Reached skill level 5 in Air Magic
  3975 | D:5      | Gained mutation: You are surrounded by a mild repulsion
                  | field. (EV +2) [demonic ancestry]
  3975 | D:5      | Reached XP level 7. HP: 43/46 MP: 11/11
  4520 | D:5      | Found a hide-covered altar of Uskayaw.
  4567 | D:5      | Found a radiant altar of Vehumet.
  4635 | D:6      | Reached skill level 5 in Short Blades
  4948 | D:6      | Found a runed translucent gate.
  4948 | D:6      | Found a runed translucent gate.
  4948 | D:6      | Found a runed translucent gate.
  5163 | D:6      | Found an opulent altar of Gozag.
  5164 | D:6      | Noticed funnypoop's ghost (amateur HOFi)
  5407 | D:7      | Found a basalt altar of Yredelemnul.
  5425 | D:7      | Noticed Joseph
  5453 | D:7      | Reached XP level 8. HP: 12/52 MP: 9/12
  5453 | D:7      | HP: 1/52 [Joseph/sling bullet (11)]
  5471 | D:7      | Noticed Harold
  5473 | D:7      | Noticed Duvessa
  5535 | D:6      | Learned a level 4 spell: Airstrike
  5666 | D:7      | Found a staircase to the Ecumenical Temple.
  5677 | D:7      | Noticed Dowan
  5696 | D:7      | Killed Dowan
  5703 | Temple   | Entered the Ecumenical Temple
  5712 | Temple   | Became a worshipper of Sif Muna the Loreminder
  5803 | D:7      | Noticed a hornet
  5813 | D:7      | HP: 1/78 [Duvessa/+0 short sword (9)]
  5819 | D:7      | Killed Duvessa
  5822 | D:7      | Killed Joseph
  5847 | D:7      | Killed a hornet
  5848 | D:7      | Demolished by Harold

Illustrated notes

Levels and vault maps discovered:
D:1:      eino_arrival_cavern_a, layout_loops_ring
D:2:      layout_basic
D:3:      layout_loops_ring
D:4:      layout_loops_ring, sigmund_army
D:5:      layout_loops_ring, marbit_many_paths, basic_altar, grunt_tough_drop
D:6:      layout_rooms, ebering_ghost_gozag
D:7:      layout_gridville, yredelemnul_altar_generic, temple_pool_b,
          uniq_harold, uniq_duvessa, uniq_joseph
Temple:   nicolae_temple_no_exploring_needed

Skill      XL: |  1  2  3  4  5  6  7  8 |
---------------+-------------------------+-----
Spellcasting   | 3 4 |  4.4
Short Blades   | 1 2 3 4 6 7 |  7.0
Air Magic      | 3 5 7 |  7.0
Dodging        | |  1.7
Stealth        | |  1.7
Conjurations   | |  1.0

Action                   |  1- 3 |  4- 6 |  7- 9 || total
-------------------------+-------+-------+-------++-------
Melee: Unarmed           |     2 |       |       ||     2
       Dagger            |    10 |   113 |   105 ||   228
       Kick              |       |    26 |    22 ||    48
Throw: Boomerang         |       |     2 |     1 ||     3
       Dart              |       |       |     2 ||     2
       Throwing net      |       |       |     1 ||     1
 Cast: Shock             |    37 |    43 |    35 ||   115
       Airstrike         |       |       |     3 ||     3
Evoke: Wand              |       |       |     9 ||     9
  Use: Scroll            |     1 |     4 |     5 ||    10
       Potion            |       |       |    11 ||    11
 Stab: Sleeping          |     1 |     5 |     3 ||     9
Armor: Robe              |     3 |    24 |     4 ||    31
       Skin              |       |       |    25 ||    25
Dodge: Dodged            |    17 |    69 |    67 ||   153

Table legend: (Time is in decaauts)
 A = Elapsed time spent in this place.
 B = Non-inter-level travel time spent in this place.
 C = Inter-level travel time spent in this place.
 D = Time resting spent in this place.
 E = Time spent auto-exploring this place.
 F = Levels seen in this place.
 G = Mean time per level.
                   A        B        C        D        E       F      G
               +--------+--------+--------+--------+--------+-----+--------+
         Total |   5799 |   5698 |    101 |    513 |   3807 |   8 |  724.9 |
       Dungeon |   5781 |   5680 |    101 |    513 |   3807 |   7 |  825.9 |
        Temple |     17 |     17 |      0 |      0 |      0 |   1 |   17.0 |
               +--------+--------+--------+--------+--------+-----+--------+

Top non-repeatable levels by time:
     D:4: 1315 daAuts
     D:5: 1206 daAuts
     D:6: 753 daAuts
     D:2: 716 daAuts
     D:1: 697 daAuts
     D:3: 648 daAuts
     D:7: 443 daAuts
  Temple: 17 daAuts
